 Dungeon Crawl Stone Soup version 0.30-a0-867-g305f33218d (webtiles) character file.

Game seed: 16587086257352731568

1808 pokeman the Thaumaturge (level 8, -4/39 (44) HPs)
             Began as a Deep Elf Hedge Wizard on Mar 10, 2023.
             Slain by a wight
             ... wielding a +3 falchion of freezing
              (5 damage)
             ... on level 7 of the Dungeon.
             The game lasted 00:16:24 (7558 turns).

pokeman the Thaumaturge (Deep Elf Hedge Wizard)     Turns: 7558, Time: 00:16:25

HP:   -4/39 (44)    AC:  4    Str: 13    XL:     8   Next: 84%
MP:   18/24         EV: 13    Int: 25    God:
Gold: 387           SH:  0    Dex: 14    Spells: 15/27 levels left

rFire   + + .      SeeInvis .    n - +7 flail "Cosups" {elec, *Noise rElec rF+ Int+3}
rCold   + . .      Faith    .    (no shield)
rNeg    . . .      Spirit   .    b - +0 robe
rPois   .          Reflect  .    e - +0 helmet
rElec   +          Rampage  .    t - scarf {rC+ rF+}
rCorr   +                        (no gloves)
Will    .....                    s - +0 pair of boots
Stlth   ++                       (no amulet)
HPRegen 0.26/turn                c - +6 ring of strength
MPRegen 0.19/turn                z - ring of resist corrosion

@: heavily drained
A: no striking features
a: no special abilities


You were on level 7 of the Dungeon.
You visited 2 branches of the dungeon, and saw 8 of its levels.
You also visited: Sewer.

You collected 387 gold pieces.

Inventory:

Hand Weapons
 n - the +7 flail "Cosups" (weapon) {elec, *Noise rElec rF+ Int+3}
   (You found it on level 2 of the Dungeon)

   Int:       It affects your intelligence (+3).
   rF:        It protects you from fire.
   rElec:     It insulates you from electricity.
   *Noise:    It may make noises in combat.
Missiles
 v - a curare-tipped dart
Armour
 b - a +0 robe (worn)
 e - a +0 helmet (worn)
 s - a +0 pair of boots (worn)
 t - a scarf of resistance (worn)
Magical Staves
 q - a staff of cold
Jewellery
 c - a +6 ring of strength (left hand)
 o - a +5 ring of evasion
 z - a ring of resist corrosion (right hand)
Wands
 a - a wand of flame (10)
 B - a wand of mindburst (16)
 D - a wand of charming (9)
Scrolls
 f - a scroll of acquirement {unknown}
 g - 6 scrolls of identify {unknown}
 i - 2 scrolls of noise {unknown}
 k - a scroll of immolation {unknown}
 m - 4 scrolls of teleportation {unknown}
 p - 3 scrolls of fear {unknown}
 w - a scroll of butterflies {unknown}
 x - a scroll of fog {unknown}
 y - a scroll of vulnerability {unknown}
 C - a scroll of blinking {unknown}
Potions
 d - 2 potions of magic
 h - 3 potions of mutation {unknown}
 j - 5 potions of curing
 l - a potion of heal wounds {unknown}
 r - 2 potions of brilliance {unknown}
 u - a potion of flight {unknown}
 A - a potion of haste {unknown}


   Skills:
 + Level 2.1 Fighting
 - Level 3.0 Armour
 - Level 3.0 Dodging
 - Level 3.0 Stealth
 * Level 10.4 Spellcasting
 + Level 5.5 Conjurations
 - Level 4.3 Summonings
 - Level 1.1 Translocations
 + Level 0.7 Fire Magic
 - Level 1.1 Ice Magic
 - Level 1.1 Air Magic
 - Level 1.0 Poison Magic
 - Level 1.0 Evocations


You had 15 spell levels left.
You knew the following spells:

 Your Spells              Type           Power      Damage    Failure   Level
a - Magic Dart            Conj           100%       1d8       1%          1
b - Mephitic Cloud        Conj/Pois/Air  25%        N/A       4%          3
c - Call Imp              Summ           34%        N/A       1%          2
d - Blink                 Tloc           36%        N/A       4%          2
e - Flame Wave            Conj/Fire      28%        2d9       13%         4

Your spell library contained the following spells:

 Spells                   Type           Power      Damage    Failure   Level
 Kiss of Death            Conj/Necr      100%       2d13      1%          1
 Sting                    Tmut/Pois      60%        1d6       3%          1
 Slow                     Hex            52%        N/A       4%          1
 Poisonous Vapours        Pois/Air       36%        N/A       4%          2
 Cigotuvi's Dreadful Rot  Necr/Pois/Air  32%        N/A       5%          2
 Scorch                   Fire           32%        2d7       5%          2
 Confusing Touch          Hex            13%        N/A       14%         3
 Summon Ice Beast         Ice/Summ       26%        N/A       16%         4
 Olgreb's Toxic Radiance  Pois           18%        N/A       30%         4
 Dispel Undead            Necr           13%        3d9       43%         4
 Summon Mana Viper        Hex/Summ       23%        N/A       47%         5
 Summon Cactus Giant      Summ           17%        N/A       77%         6
 Monstrous Menagerie      Summ           17%        N/A       100%        7


Dungeon Overview and Level Annotations

Branches:
Dungeon (7/15)             Temple (1/1) D:4           Sewer (visited)

Altars:
Ashenzari
Cheibriados
Dithmenos
Fedhas
Gozag
Hepliaklqana
Kikubaaqudgha
Makhleb
Nemelex Xobeh
Okawaru
Qazlal
Sif Muna
Trog
Wu Jian
Yredelemnul
Zin
The Shining One

Shops:
D:2 (   D:5 (

Annotations:
D:6 Maggie


Message History

The puff of frost hits the wight but does no damage.
An orc comes into view.
It is wielding a +0 trident and quivering poisoned darts.
The wight barely misses you.
The orc hits your white imp with a +0 short sword.
The wight hits you with a +3 falchion of freezing.
You feel drained. The orc closely misses your white imp.
Your white imp hits the wight but does no damage.
The orc hits you from afar with a +0 trident.
You hit the wight but do no damage.
The wight is lightly damaged.
The orc hits your white imp but does no damage.
A wight comes into view. It is wielding a +0 morningstar.
Your white imp barely misses the orc.
The orc closely misses you.
The wight hits you with a +3 falchion of freezing.
You feel drained.
You completely miss the wight.
The wight is lightly damaged.
Your white imp gestures at the orc.
The puff of frost hits the orc!
The orc dies!
The orc barely misses you. The wight barely misses you.
The wight hits you with a +3 falchion of freezing!
The wight freezes you.
A wight comes into view. It is wielding a +4 halberd.
The acid dragon closely misses your white imp.
The acid dragon claws your white imp.
Your white imp hits the acid dragon.
Your white imp freezes the acid dragon.
The orc hits you from afar with a +0 trident.
The acid dragon bites your white imp. The acid dragon claws your white imp.
Your white imp barely misses the acid dragon.
Unknown command.
The acid dragon bites your white imp.
Your white imp dies!
Your white imp disappears in a puff of smoke!
Unknown command.
The wight attacks as you move away!
The wight hits you with a +3 falchion of freezing!
* * * LOW HITPOINT WARNING * * *
You feel drained.
You die...

#. #
#.z.#.#####
...zzDo...###
###.##ยง.o...#
#.##.#)#### #)
#z#.##.## #.
#.@...#<#
.(..).....#.##
..........#.#
..........#.#
.............
.........[#.#
###.......###
#.......#


You could see a wight and an orc.

Vanquished Creatures
  A black bear (D:6)
  A centaur (D:5)
  A phantom (D:6)
  8 kobold brigands (Sewer)
  A scorpion (D:4)
  2 howler monkeys (D:6)
  3 orc priests
  3 hounds
  3 jellies
  5 iguanas
  3 sleepcaps
  Natasha (thrice) (D:2)
  3 orc wizards (D:5)
  Robin (D:3)
  3 gnolls (D:6)
  5 adders
  8 worms
  2 dart slugs
  13 orcs
  5 bats
  6 endoplasms
  2 giant cockroaches
  11 goblins
  9 hobgoblins
  5 jackals
  13 kobolds
  7 quokkas
  9 ball pythons
  2 frilled lizards
  4 rats
142 creatures vanquished.

Vanquished Creatures (collateral kills)
  An orc wizard (D:7)
  An adder (D:2)
  An orc (D:7)
  2 endoplasms (D:2)
5 creatures vanquished.

Grand Total: 147 creatures vanquished

Notes
Turn   | Place    | Note
-------+----------+-------------------------------------------
     0 | D:1      | pokeman the Deep Elf Hedge Wizard began the quest for the
                  | Orb.
     0 | D:1      | Reached XP level 1. HP: 10/10 MP: 7/7
   252 | D:1      | Reached XP level 2. HP: 16/16 MP: 6/9
   920 | D:1      | Reached skill level 5 in Spellcasting
  1071 | D:2      | Reached XP level 3. HP: 20/20 MP: 2/11
  1082 | D:1      | Learned a level 3 spell: Mephitic Cloud
  1085 | D:1      | Learned a level 2 spell: Call Imp
  1088 | D:1      | Learned a level 2 spell: Blink
  1379 | D:2      | Noticed Natasha
  1396 | D:2      | Killed Natasha
  1397 | D:2      | Reached skill level 1 in Fighting
  1397 | D:2      | Reached skill level 1 in Armour
  1397 | D:2      | Reached XP level 4. HP: 14/25 MP: 1/13
  1489 | D:2      | Noticed Natasha
  1503 | D:2      | Killed Natasha
  1521 | D:2      | Noticed Natasha
  1622 | D:2      | Identified the +7 flail "Cosups" {elec, *Noise rElec rF+
                  | Int+3}
  1636 | D:2      | Killed Natasha
  1775 | D:2      | Found Tumu's Antique Weapon Shop.
  2088 | D:3      | Noticed Robin
  2099 | D:3      | Killed Robin
  2100 | D:3      | Reached skill level 6 in Spellcasting
  2100 | D:3      | Reached XP level 5. HP: 27/29 MP: 4/15
  3015 | D:3      | Reached skill level 1 in Evocations
  3209 | D:4      | Reached skill level 1 in Air Magic
  3361 | D:4      | Reached XP level 6. HP: 34/34 MP: 14/17
  3724 | D:4      | Reached skill level 1 in Poison Magic
  3748 | D:4      | Found a staircase to the Ecumenical Temple.
  3794 | Temple   | Entered the Ecumenical Temple
  4048 | D:4      | Reached skill level 7 in Spellcasting
  4048 | D:4      | Reached skill level 1 in Ice Magic
  4112 | D:5      | Entered Level 5 of the Dungeon
  4112 | D:5      | Found Allozukh's Weapon Boutique.
  4227 | D:5      | Found a glowing drain.
  4238 | Sewer    | Entered a sewer
  4409 | Sewer    | HP: 1/35 [kobold brigand/+0 dagger (5)]
  4413 | Sewer    | Reached XP level 7. HP: 2/39 MP: 2/20
  4634 | Sewer    | Reached skill level 8 in Spellcasting
  5364 | Sewer    | Reached XP level 8. HP: 35/44 MP: 14/22
  5368 | Sewer    | Reached skill level 9 in Spellcasting
  5762 | D:5      | Reached skill level 5 in Conjurations
  6898 | D:6      | Reached skill level 10 in Spellcasting
  7068 | D:6      | Learned a level 4 spell: Flame Wave
  7089 | D:6      | Found an ancient bone altar of Kikubaaqudgha.
  7256 | D:6      | Noticed Maggie
  7558 | D:7      | HP: 1/41 [wight/+3 falchion of freezing (15)]
  7558 | D:7      | Slain by a wight

Illustrated notes

Levels and vault maps discovered:
D:1:      denvon_arrival_planthouse, layout_basic
D:2:      layout_rooms, serial_shops, shop_coins,
          wander_ebering_terrifying_dragon_lair, uniq_natasha
D:3:      layout_loops_ring, item_on_display_a, uniq_robin
D:4:      layout_loops_ring, minmay_temple_entry_purple_smoke
D:5:      layout_layer_cave, cheibrodos_sewer_entry_bend, serial_shops,
          nicolae_shop_stone
D:6:      layout_basic, mainiacjoe_overflow_surrounded_room, uniq_maggie
D:7:      layout_loops_cross, serial_shops, shop,
          chequers_serial_rivers_small_a, uniq_duvessa
Temple:   nicolae_temple_x_marks_the_god

Skill      XL: |  1  2  3  4  5  6  7  8 |
---------------+-------------------------+-----
Spellcasting   | 5 6 7 8 10 | 10.4
Fighting       | 1 2 |  2.1
Armour         | 1 2 3 |  3.0
Conjurations   | 2 3 4 5 |  5.5
Dodging        | 3 |  3.0
Stealth        | 3 |  3.0
Evocations     | 1 |  1.0
Air Magic      | 1 |  1.1
Poison Magic   | 1 |  1.0
Ice Magic      | 1 |  1.1
Summonings     | 3 4 |  4.3
Translocations | |  1.1
Fire Magic     | |  0.7

Action                     |  1- 3 |  4- 6 |  7- 9 || total
---------------------------+-------+-------+-------++-------
  Melee: Dagger            |    25 |     8 |       ||    33
         Flail             |       |    56 |    46 ||   102
         Punch             |       |     1 |     1 ||     2
   Cast: Magic Dart        |    66 |   118 |   152 ||   336
         Call Imp          |     2 |     4 |     2 ||     8
         Mephitic Cloud    |     1 |    18 |    14 ||    33
    Use: Potion            |       |     2 |       ||     2
   Stab: Confused          |       |     5 |     8 ||    13
 Armour: Robe              |    13 |     1 |     5 ||    19
  Dodge: Dodged            |    28 |    55 |    48 ||   131

Table legend: (Time is in decaauts)
 A = Elapsed time spent in this place.
 B = Non-inter-level travel time spent in this place.
 C = Inter-level travel time spent in this place.
 D = Time resting spent in this place.
 E = Time spent auto-exploring this place.
 F = Levels seen in this place.
 G = Mean time per level.
                   A        B        C        D        E       F      G
               +--------+--------+--------+--------+--------+-----+--------+
         Total |   7777 |   7621 |    156 |    264 |   6237 |   9 |  864.1 |
       Dungeon |   6329 |   6179 |    150 |    254 |   5045 |   7 |  904.1 |
        Temple |     56 |     50 |      6 |      0 |     45 |   1 |   56.0 |
         Sewer |   1391 |   1391 |      0 |     10 |   1146 |   1 | 1391.0 |
               +--------+--------+--------+--------+--------+-----+--------+

Top non-repeatable levels by time:
   Sewer: 1391 daAuts
     D:5: 1313 daAuts
     D:1: 1293 daAuts
     D:3: 1131 daAuts
     D:4: 910 daAuts
     D:6: 906 daAuts
     D:2: 736 daAuts
  Temple: 56 daAuts
     D:7: 38 daAuts
